 Dungeon Crawl Stone Soup version 0.30-a0-1160-g6e42c06551 (webtiles) character file.

Game seed: 13411966815882943306

369 jimonade the Grave Robber (level 6, -2/42 HPs)
             Began as a Mummy Necromancer on Apr 25, 2023.
             Slain by a two-headed ogre
             ... wielding a +0 giant club
              (7 damage)
             ... on level 4 of the Dungeon.
             The game lasted 00:09:28 (4200 turns).

jimonade the Grave Robber (Mummy Necromancer)       Turns: 4200, Time: 00:09:29

Health: -2/42      AC: 21    Str: 13    XL:     6   Next: 41%
Magic:  13/13      EV:  6    Int: 15    God:
Gold:   182        SH:  0    Dex: 12    Spells: 11/15 levels left

rFire   x . .        a - +0 short sword (protect)
rCold   + + .        (no shield)
rNeg    + + +        s - +3 chain mail
rPois   ∞            (no helmet)
rElec   .            (no cloak)
rCorr   .            l - +2 pair of gloves
SInv    .            (no boots)
Will    .....        t - amulet of the acrobat Stlth
                     e - ring of protection from cold
HPRegen 0.27/turn    (no ring)
MPRegen 0.13/turn

%: acrobat, faith
@: under a protective aura
A: cold resistance 1, negative energy resistance 3, torment resistance 2, heat
vulnerability 1, in touch with death 1, no potions, faith
a: no special abilities


You were on level 4 of the Dungeon.
You visited 1 branch of the dungeon, and saw 5 of its levels.

You collected 182 gold pieces.

Inventory:

Hand Weapons
 a - a +0 short sword of protection (weapon)
 d - a +2 heavy hand axe
 i - a +2 heavy battleaxe
 k - a +0 dagger
 o - a +0 whip of flaming
Armour
 b - a +0 robe
 h - a +0 leather armour
 j - a +0 chain mail
 l - a +2 pair of gloves (worn)
 m - a +0 ring mail
 s - a +3 chain mail (worn)
Jewellery
 e - a ring of protection from cold (left hand)
 t - an amulet of the acrobat (around neck)
Wands
 p - a wand of digging (5)
Scrolls
 c - a scroll of immolation {unknown}
 f - a scroll of fog {unknown}
 g - 6 scrolls of identify {unknown}
 n - 2 scrolls of teleportation {unknown}
 q - a scroll of torment {unknown}
 r - a scroll of magic mapping {unknown}
 u - a scroll of brand weapon {unknown}
 v - a scroll of enchant weapon {unknown}


   Skills:
 + Level 0.8 Fighting
 + Level 1.7 Short Blades
 + Level 1.0 Armour
 + Level 2.0 Dodging
 - Level 1.5 Stealth
 + Level 0.1 Unarmed Combat
 + Level 5.1 Spellcasting
 + Level 5.8 Necromancy


You had 11 spell levels left.
You knew the following spells:

 Your Spells              Type           Power      Damage    Failure   Level
a - Necrotise             Necr           100%       1d9       32%         1
b - Vampiric Draining     Necr           32%        2d8       69%         3

Your spell library contained the following spells:

 Spells                   Type           Power      Damage    Failure   Level
 Animate Dead             Necr           32%        N/A       97%         4
 Blink                    Tloc           6%         N/A       99%         2
 Lesser Beckoning         Tloc           6%         N/A       99%         2
 Momentum Strike          Conj/Tloc      6%         3d8       99%         2
 Dazzling Flash           Conj/Hex       6%         N/A       100%        3
 Ozocubu's Armour         Ice            3%         N/A       100%        3
 Agony                    Necr           32%        N/A       100%        5
 Metabolic Englaciation   Hex/Ice        1%         N/A       100%        5
 Silence                  Hex/Air        1%         N/A       100%        5
 Simulacrum               Ice/Necr       9%         N/A       100%        6


Dungeon Overview and Level Annotations

Branches:
Dungeon (5/15)
 Temple: D:4-7

Altars:

Shops:
D:2 (

Annotations:
D:4 1 runed translucent door, Crazy Yiuf


Innate Abilities, Weirdness & Mutations

You are immune to poison.
Your flesh is cold resistant. (rC+)
You are immune to negative energy. (rN+++)
You are immune to unholy pain and torment.
You are vulnerable to heat. (rF-)
You are in touch with the powers of death.
You do not drink.
You have a special connection with the divine. (Faith)


Message History

The black bear is almost dead.
The black bear completely misses you.
The black bear claws you but does no damage. x2
You hit the black bear but do no damage.
The black bear is almost dead.
The black bear bites you but does no damage.
The black bear claws you but does no damage.
The black bear barely misses you. The black bear bites you!
The black bear closely misses you.
The black bear claws you but does no damage.
You hit the black bear.
The black bear is almost dead.
The black bear bites you but does no damage.
The black bear claws you but does no damage. x2
You hit the black bear.
You kill the black bear!
Your Armour skill increases to level 1!
Your Dodging skill increases to level 2!
You start resting.
HP restored.
You climb downwards.
The two-headed ogre hits you but does no damage.
The two-headed ogre barely misses you.
There is a stone staircase leading up here.
The two-headed ogre hits you with a +0 giant club!
The two-headed ogre barely misses you.
You climb upwards.
Level annotation: 1 runed translucent door, Crazy Yiuf
There is a stone staircase leading down here.
You hit the two-headed ogre but do no damage.
Your weapon exudes an aura of protection.
You hit the two-headed ogre but do no damage.
The two-headed ogre hits you with a +0 giant club!
The two-headed ogre hits you but does no damage.
You barely miss the two-headed ogre.
You hit the two-headed ogre but do no damage.
The two-headed ogre hits you with a +0 giant club!
* * * LOW HITPOINT WARNING * * *
The two-headed ogre hits you with a +0 giant club!
You die...

#..................####...#...###
#..............#....###......##
....#..........#.....##..##...##
...####...........#..###..##...##
....###...........#.####.##.....#
..................#.###..##..#.##
..................(.#.#..##.##.##
>###............†................
.# #......<..##÷@O##.....##..<...
## #........###..###.....#.......
####...[...)).##..##.............
#.#............#...##..#.........
........).†##......#.)###........
...........####..[.....###......<
............# #.......## #.......
...........#####.......###.....##
#.#..........# #.......#.........


You could see a two-headed ogre.

Vanquished Creatures
  A black bear (D:4)
  A scorpion (D:4)
  A hound (D:4)
  An orc wizard (D:4)
  A gnoll (D:1)
  6 adders
  A dart slug (D:4)
  3 orcs
  4 bats
  6 endoplasms
  5 giant cockroaches
  7 goblins
  5 hobgoblins
  13 jackals
  5 quokkas
  8 ball pythons
  8 frilled lizards
  9 kobolds
  A rat (D:3)
86 creatures vanquished.

Vanquished Creatures (collateral kills)
  An endoplasm (D:2)
  A jackal (D:3)
  2 rats
4 creatures vanquished.

Vanquished Creatures (others)
  2 plants (D:3)
2 creatures vanquished.

Grand Total: 92 creatures vanquished

Notes
Turn   | Place    | Note
-------+----------+-------------------------------------------
     0 | D:1      | jimonade the Mummy Necromancer began the quest for the Orb.
     0 | D:1      | Reached XP level 1. HP: 13/13 MP: 4/4
   372 | D:1      | Reached XP level 2. HP: 19/19 MP: 3/5
  1029 | D:1      | Gained mutation: You are in touch with the powers of death.
                  | [Mummy growth]
  1029 | D:1      | Reached XP level 3. HP: 24/24 MP: 3/7
  1510 | D:1      | Learned a level 3 spell: Vampiric Draining
  1555 | D:2      | Reached skill level 5 in Necromancy
  1565 | D:2      | Reached XP level 4. HP: 29/30 MP: 4/9
  2097 | D:2      | Found Ubrit's Antique Weapon Shop.
  2467 | D:3      | Identified the +4 dagger of Heutz {holy, Dex+5}
  2716 | D:3      | Found a faded altar of an unknown god.
  3121 | D:4      | Noticed a scorpion
  3137 | D:4      | Killed a scorpion
  3138 | D:4      | Reached XP level 5. HP: 32/35 MP: 8/11
  3492 | D:4      | Reached skill level 5 in Spellcasting
  3691 | D:4      | Found a runed translucent door.
  3692 | D:4      | Noticed Crazy Yiuf
  3922 | D:5      | Entered Level 5 of the Dungeon
  3926 | D:5      | Noticed a phantom
  3944 | D:5      | Noticed a two-headed ogre
  3944 | D:5      | Noticed a black bear
  3946 | D:5      | Noticed a yak
  3985 | D:4      | Reached skill level 1 in Short Blades
  3985 | D:4      | Reached XP level 6. HP: 17/41 MP: 13/13
  4106 | D:4      | Reached skill level 1 in Armour
  4200 | D:4      | Slain by a two-headed ogre

Illustrated notes

Levels and vault maps discovered:
D:1:      minmay_arrival_four_circles, layout_basic
D:2:      layout_loops_ring, serial_shops, nicolae_shop_tiny_real_fake_doors
D:3:      layout_loops_cross, shapermc_ecumenical_altar_acropolis
D:4:      layout_cave_pools, uniq_crazy_yiuf_cottage
D:5:      layout_basic, minmay_temple_entry_overgrown,
          ebering_ghost_disaster_area, uniq_pikel

Skill      XL: |  1  2  3  4  5  6 |
---------------+-------------------+-----
Spellcasting   | 3 4 5 |  5.1
Necromancy     | 5 |  5.8
Short Blades   | 1 |  1.7
Armour         | 1 |  1.0
Dodging        | 2 |  2.0
Fighting       | |  0.8
Stealth        | |  1.5
Unarmed Combat | |  0.1

Action                     |  1- 3 |  4- 6 || total
---------------------------+-------+-------++-------
  Melee: Unarmed           |     5 |       ||     5
         Dagger            |    26 |       ||    26
         Short sword       |       |   229 ||   229
         Punch             |       |     1 ||     1
   Cast: Necrotise         |    48 |    52 ||   100
   Stab: Distracted        |     1 |       ||     1
 Armour: Robe              |     4 |       ||     4
         Leather armour    |    11 |    41 ||    52
         Chain mail        |       |   165 ||   165
  Dodge: Dodged            |    31 |   146 ||   177

Table legend: (Time is in decaauts)
 A = Elapsed time spent in this place.
 B = Non-inter-level travel time spent in this place.
 C = Inter-level travel time spent in this place.
 D = Time resting spent in this place.
 E = Time spent auto-exploring this place.
 F = Levels seen in this place.
 G = Mean time per level.
                   A        B        C        D        E       F      G
               +--------+--------+--------+--------+--------+-----+--------+
         Total |   4195 |   3960 |    235 |    213 |   2612 |   5 |  839.0 |
       Dungeon |   4195 |   3960 |    235 |    213 |   2612 |   5 |  839.0 |
               +--------+--------+--------+--------+--------+-----+--------+

Top non-repeatable levels by time:
     D:1: 1511 daAuts
     D:4: 983 daAuts
     D:3: 904 daAuts
     D:2: 755 daAuts
     D:5: 41 daAuts
